 Dungeon Crawl Stone Soup version 0.25-a0-737-g26c3a87c45 (webtiles) character file.

Game seed: 13796079985418682215, levelgen mode: deterministic

181 Maedhros the Sneak (level 5, -2/33 HPs)
             Began as an Octopode Artificer on Apr 12, 2020.
             Slain by a bullfrog zombie (7 damage)
             ... on level 5 of the Dungeon.
             The game lasted 00:01:49 (1700 turns).

Maedhros the Sneak (Octopode Artificer)             Turns: 1700, Time: 00:01:50

Health: -2/33      AC:  1    Str: 11    XL:     5   Next: 61%
Magic:  7/7        EV: 13    Int: 14    God:
Gold:   71         SH:  0    Dex: 13    Spells: 4/4 levels left

rFire    . . .     SeeInvis .   a - +0 short sword
rCold    + . .     Gourm    .   (no shield)
rNeg     . . .     Faith    .   (helmet restricted)
rPois    .         Spirit   .   k - amulet of magic regeneration
rElec    .         Reflect  .   o - ring of protection from cold
rCorr    .         Harm     .   n - ring of teleportation (curse)
MR       .....     Rnd*Tele +   (no ring)
Stlth    ++++......             (no ring)
HPRegen  0.11/turn              (no ring)
MPRegen  0.35/turn              (no ring)
                                (no ring)
                                (no ring)

@: flying
A: almost no armour, stealthy swim, amphibious, 8 rings, constrict 8, camouflage
1, gelatinous body 1
a: no special abilities


You were on level 5 of the Dungeon.
You were not hungry.

You visited 1 branch of the dungeon, and saw 5 of its levels.

You collected 71 gold pieces.

Inventory:

Hand Weapons
 a - a +0 short sword (weapon)
Missiles
 e - 29 poisoned darts (quivered)
Jewellery
 k - an amulet of magic regeneration (around mantle)
 n - a cursed ring of teleportation (right tentacle)
 o - a ring of protection from cold (left tentacle)
Wands
 b - a wand of flame (14)
 c - a wand of enslavement (13)
 d - a wand of random effects (15)
Scrolls
 h - 2 scrolls of teleportation {unknown}
 i - 2 scrolls of remove curse {unknown}
 j - a scroll of enchant armour {unknown}
 l - a scroll of fog {unknown}
Potions
 g - a potion of flight
 m - a potion of curing {unknown}
Comestibles
 f - 2 rations


   Skills:
 - Level 1.0 Fighting
 - Level 1.0 Short Blades
 - Level 2.0 Dodging
 + Level 5.4 Stealth
 + Level 3.4 Unarmed Combat
 - Level 3.2 Evocations


You had 4 spell levels left.
You didn't know any spells.
Your spell library was empty.

Dungeon Overview and Level Annotations

Branches:
Dungeon (5/15)
 Temple: D:4-7

Altars:


Innate Abilities, Weirdness & Mutations

You cannot wear most types of armour.
You are very stealthy in the water. (Stealth+)
You are amphibious.
You can wear up to eight rings at the same time.
You can use your tentacles to constrict eight enemies at once.
Your skin changes colour to match your surroundings (Stealth+).
Your rubbery body absorbs attacks. (AC +1, EV +1)


Message History

You hit the bullfrog zombie but do no damage.
The bullfrog zombie is lightly damaged.
You constrict the bullfrog zombie. The bullfrog zombie hits you.
The howler monkey hits you.
The bullfrog zombie completely misses you.
The howler monkey misses you.
You hit the howler monkey. Your grab misses the howler monkey.
The howler monkey is moderately wounded.
You constrict the bullfrog zombie. The bullfrog zombie hits you!
The howler monkey hits you.
* * * LOW HITPOINT WARNING * * *
Evoke which item? (* to show all) (? for menu, Esc to quit)
You don't have any such object.
Evoke which item? (* to show all) (? for menu, Esc to quit)
Okay, then.
It was a potion of flight.
You feel very buoyant.
You fly up into the air.
You constrict the bullfrog zombie. The bullfrog zombie hits you!
You die...

#...####.# #..#
##....## ..#
##.### #.#..
#.##.#
#....##..###.
#...##
#..##.....#
#.###...# #..#
##.##..# #..#...#
.... #..# #
#.....### # ##..#
##.###
#..#.....### ....
#....###....
###.#....
##.....###(@Z#..#
##.###.. ##..#
###h...# #.## ##.
#.# #...# ##.#
#.. #. ....# #..#
##.# #
.....#..###..#
..##.....#..##
.##..##....#
....# ##.....
#... #..###


You could see a howler monkey and a bullfrog zombie.

Vanquished Creatures
  A howler monkey (D:4)
  A jelly (D:5)
  Natasha (D:3)
  A worker ant (D:4)
  4 adders
  A worm (D:5)
  A leopard gecko (D:1)
  2 giant cockroaches (D:4)
  A goblin (D:1)
  4 hobgoblins
  6 jackals
  A quokka (D:4)
  2 bats (D:2)
  A kobold (D:2)
  A rat (D:1)
28 creatures vanquished.

Vanquished Creatures (collateral kills)
  2 jackals (D:5)
2 creatures vanquished.

Grand Total: 30 creatures vanquished

Notes
Turn   | Place    | Note
-------+----------+-------------------------------------------
     0 | D:1      | Maedhros the Octopode Artificer began the quest for the
                  | Orb.
     0 | D:1      | Reached XP level 1. HP: 13/13 MP: 3/3
    85 | D:2      | Reached skill level 2 in Stealth
   125 | D:2      | Reached skill level 1 in Unarmed Combat
   125 | D:2      | Reached XP level 2. HP: 11/18 MP: 4/4
   448 | D:3      | Noticed Natasha
   622 | D:3      | Noticed a crimson imp
   624 | D:3      | Killed Natasha
   624 | D:3      | Reached skill level 3 in Stealth
   624 | D:3      | Reached XP level 3. HP: 17/23 MP: 5/5
   697 | D:3      | HP: 1/23 [hobgoblin (5)]
  1161 | D:4      | Reached skill level 4 in Stealth
  1161 | D:4      | Reached XP level 4. HP: 28/28 MP: 6/6
  1188 | D:4      | Reached XP level 5. HP: 33/33 MP: 7/7
  1373 | D:5      | Entered Level 5 of the Dungeon
  1380 | D:5      | Reached skill level 5 in Stealth
  1388 | D:5      | HP: 1/33 [iguana (14)]
  1700 | D:5      | Slain by a bullfrog zombie

Levels and vault maps discovered:
D:1:      nagdon_arrival_zigzag_paths, layout_basic
D:2:      layout_basic, chequers_ecumenical_altar_simple_redux, first_ration,
          chequers_serial_rivers_micro_a
D:3:      layout_loops_ring, zin_statuary, nicolae_dithmenos_shadow_blocks,
          serial_forest, infiniplex_forest_straight_5, infiniplex_forest_end_2,
          infiniplex_forest_end_1, infiniplex_forest_clump_double,
          infiniplex_forest_straight_4, infiniplex_forest_zigzag_2,
          fedhas_altar_1, uniq_natasha, uniq_grinder, uniq_crazy_yiuf_cottage
D:4:      layout_loops_ring, grunt_qazlal_clouds, minmay_temple_entry_mist,
          st_stairs_13, kennysheep_generic_room_4
D:5:      layout_layer_cave, lemuel_coloured_pillars_altar, st_stairs_13,
          minmay_diced_spiral

Skill      XL: |  1  2  3  4  5 |
---------------+----------------+-----
Stealth        | 2 3 4 5 |  5.4
Unarmed Combat | 1 2 3 |  3.4
Fighting       | |  1.0
Short Blades   | |  1.0
Dodging        | |  2.0
Evocations     | |  3.2

Action                   |  1- 3 |  4- 6 || total
-------------------------+-------+-------++-------
Melee: Short sword       |    56 |    27 ||    83
       Constrict         |    15 |     6 ||    21
       Tentacles         |     7 |     5 ||    12
       Punch             |     1 |     1 ||     2
Evoke: Wand              |     1 |     2 ||     3
  Use: Potion            |     3 |     2 ||     5
 Stab: Sleeping          |     3 |     4 ||     7
  Eat: Chunk             |       |     2 ||     2
Armor: Skin              |     1 |     1 ||     2
Dodge: Dodged            |    44 |    15 ||    59

Table legend:
 A = Non-vault XP
 B = Vault XP
 C = Vault XP percentage of total XP
 D = Non-vault monster count
 E = Vault monster count
 F = Vault count percentage of total count
                 A         B        C        D         E       F
            +---------+---------+-------+---------+---------+-------
      Total |     224 |      35 |  13.5 |      29 |       1 |   3.3
            +---------+---------+-------+---------+---------+-------
        D:1 |       6 |       0 |   0.0 |       3 |       0 |   0.0
        D:2 |       9 |       0 |   0.0 |       6 |       0 |   0.0
        D:3 |      12 |      35 |  74.5 |       6 |       1 |  14.3
        D:4 |     122 |       0 |   0.0 |       7 |       0 |   0.0
        D:5 |      75 |       0 |   0.0 |       7 |       0 |   0.0
            +---------+---------+-------+---------+---------+-------
